 Dungeon Crawl Stone Soup version 0.28-a0-258-g8de209e91f (webtiles) character file.

Game seed: 9269421222029325753

16 SkeletonJelly the Vexing (level 2, -1/11 HPs)
             Began as a Felid Enchanter on Aug 27, 2021.
             Frozen to death by an endoplasm (5 damage)
             ... on level 1 of the Dungeon.
             The game lasted 00:01:59 (694 turns).

SkeletonJelly the Vexing (Felid Enchanter)           Turns: 694, Time: 00:01:59

Health: -1/11      AC:  1    Str:  4    XL:     2   Next: 37%
Magic:  6/6        EV: 17    Int: 16    God:
Gold:   30         SH:  0    Dex: 16    Spells: 5/5 levels left
                                        Lives:  0   Deaths: 0

rFire   . . .      SeeInvis +     - Unarmed
rCold   . . .      Faith    .   (shield unavailable)
rNeg    . . .      Spirit   .   (armour unavailable)
rPois   .          Reflect  .   (helmet unavailable)
rElec   .          Harm     .   (cloak unavailable)
rCorr   .          Rampage  .   (gloves unavailable)
Will    .....                   (boots unavailable)
Stlth   +++.......              (no amulet)
HPRegen 0.03/turn               (no ring)
MPRegen 0.10/turn               (no ring)

@: quick
A: very small, claws 1, fangs 3, see invisible, speed 1, shaggy fur 1, stealthy
paws, no weapons or thrown items, no armour, multi-lived
a: no special abilities


You were on level 1 of the Dungeon.
You visited 1 branch of the dungeon, and saw 1 of its levels.

You collected 30 gold pieces.

Inventory:

Scrolls
 c - a scroll of teleportation {unknown}
Potions
 a - a potion of invisibility
 b - a potion of cancellation {unknown}


   Skills:
 - Level 2.6 Dodging
 + Level 4.3 Stealth
 * Level 1.5 Unarmed Combat
 * Level 2.2 Spellcasting
 + Level 4.6 Hexes


You had 5 spell levels left.
You didn't know any spells.
Your spell library contained the following spells:

 Spells                   Type           Power      Damage    Failure   Level
 Confusing Touch          Hex            16%        N/A       9%          3
 Tukima's Dance           Hex            16%        N/A       9%          3
 Ensorcelled Hibernation  Hex/Ice        18%        N/A       12%         2
 Dazzling Flash           Conj/Hex       18%        N/A       24%         3


Dungeon Overview and Level Annotations

Branches:
Dungeon (1/15)

Altars:


Innate Abilities, Weirdness & Mutations

You have sharp claws.
You have razor-sharp teeth.
You have supernaturally acute eyesight. (SInv)
You cover ground quickly. (Speed+)
You are covered in fur. (AC +1)
Your paws help you pounce on unaware monsters.
You are incapable of wielding weapons or throwing items.
You cannot wear armour.
You gain extra lives every three experience levels.


Message History

The bat barely misses you. The bat barely misses you. The bat misses you.
The bat misses you. The bat completely misses you. The bat closely misses you.
The bat completely misses you. The bat barely misses you. x2
You closely miss the bat. The bat misses you. The bat hits you.
You take 1 damage, and have 9/11 hp.
You scratch the bat.
You kill the bat!
The bat hits you but does no damage. The bat misses you.
You scratch the bat.
You kill the bat!
Things that are here:
a bat corpse; a bat corpse You scratch the endoplasm.
The endoplasm is heavily wounded.
The endoplasm freezes you.
You are frozen.
You take 5 damage, and have 4/11 hp.
MASSIVE DAMAGE!!
You are too injured to fight recklessly!
Sorry, you're not good enough to have a special ability.
You scratch the endoplasm but do no damage.
The endoplasm is heavily wounded.
The endoplasm freezes you.
You are frozen.
* * * LOW HITPOINT WARNING * * *
You take 3 damage, and have 1/11 hp.
MASSIVE DAMAGE!!
You scratch the endoplasm.
The endoplasm is almost dead.
The endoplasm completely misses you.
You scratch the endoplasm.
You kill the endoplasm!
You scratch the goblin.
You kill the goblin!
Things that are here:
a +0 dagger; a goblin corpse
Things that are here:
a +0 dagger; a goblin corpse
Things that are here:
a bat corpse; a bat corpse Key pressed, stopping explore.
Key pressed, stopping explore.
Key pressed, stopping explore.
A frilled lizard comes into view.
You regained 6 hp, and now have 7/11 hp.
A frilled lizard is nearby!
A frilled lizard is nearby!
A frilled lizard is nearby!
A frilled lizard is nearby!
A frilled lizard is nearby!
The frilled lizard hisses angrily.
Things that are here:
a +0 dagger; a goblin corpse You scratch the frilled lizard.
You kill the frilled lizard!
No target in view!
No target in view!
No target in view!
No target in view!
No target in view!
Key pressed, stopping explore.
A frilled lizard is nearby!
A frilled lizard is nearby!
A frilled lizard is nearby!
A frilled lizard is nearby!
A frilled lizard is nearby!
You see here a frilled lizard corpse.
The frilled lizard bites you.
You take 2 damage, and have 6/11 hp.
You scratch the frilled lizard.
You kill the frilled lizard!
No target in view!
No target in view!
No target in view!
No target in view!
No target in view!
An endoplasm is nearby!
An endoplasm is nearby!
An endoplasm is nearby!
An endoplasm is nearby!
An endoplasm is nearby!
An endoplasm is nearby!
The endoplasm quivers.
You scratch the endoplasm but do no damage.
The endoplasm hits you.
You take 3 damage, and have 4/11 hp.
MASSIVE DAMAGE!!
You are too injured to fight recklessly!
You are too injured to fight recklessly!
You are too injured to fight recklessly!
You are too injured to fight recklessly!
You are too injured to fight recklessly!
You are too injured to fight recklessly!
You are too injured to fight recklessly!
You scratch the endoplasm. You bite the endoplasm.
The endoplasm is almost dead.
The endoplasm freezes you.
You are frozen.
You die...

#.....####### #...........##
##..####.....##
##..##....>..# #...........#
#.###.......## #÷# #........#
#)###........## ####
#†.........@..#..
....##..##......J.......
........###.............
####.#..................
.###.#..................
........###.............
.....#............[.........
.....##.##.........(.......#.
......†.g.÷..................


You could see an endoplasm.

Vanquished Creatures
  A dart slug (D:1)
  3 ball pythons (D:1)
  An endoplasm (D:1)
  3 goblins (D:1)
  A quokka (D:1)
  2 bats (D:1)
  2 frilled lizards (D:1)
13 creatures vanquished.

Notes
Turn   | Place    | Note
-------+----------+-------------------------------------------
     0 | D:1      | SkeletonJelly the Felid Enchanter began the quest for the
                  | Orb.
     0 | D:1      | Reached XP level 1. HP: 7/7 MP: 4/4
   105 | D:1      | Reached XP level 2. HP: 4/11 MP: 6/6
   694 | D:1      | Frozen to death by an endoplasm

Illustrated notes

Levels and vault maps discovered:
D:1:      elethiomel_arrival_infinity_welcomes_careful_drivers, layout_rooms,
          minivault_24

Action                   || total
-------------------------++-------
Melee: Unarmed           ||    37
       Bite              ||     2
       Punch             ||     1
 Stab: Sleeping          ||     3
Armor: Skin              ||     5
Dodge: Dodged            ||    51

Table legend: (Time is in decaauts)
 A = Elapsed time spent in this place.
 B = Non-inter-level travel time spent in this place.
 C = Inter-level travel time spent in this place.
 D = Time resting spent in this place.
 E = Time spent auto-exploring this place.
 F = Levels seen in this place.
 G = Mean time per level.
                   A        B        C        D        E       F      G
               +--------+--------+--------+--------+--------+-----+--------+
         Total |    656 |    656 |      0 |      0 |    543 |   1 |  656.0 |
       Dungeon |    656 |    656 |      0 |      0 |    543 |   1 |  656.0 |
               +--------+--------+--------+--------+--------+-----+--------+

Top non-repeatable levels by time:
     D:1: 656 daAuts
